 Dungeon Crawl Stone Soup version 0.20-a0-957-g47ad1fd (webtiles) character file.

23 JeffiDaFish the Firebug (level 3, -3/32 HPs)
             Began as an Ogre Fire Elementalist on Apr 5, 2017.
             Blown up by Ijyb (14 damage)
             ... with a wand of disintegration (?/24)
             ... on level 3 of the Dungeon.
             The game lasted 00:04:52 (1597 turns).

JeffiDaFish the Firebug (Ogre Fire Elementalist)    Turns: 1597, Time: 00:04:52

Health: -3/32      AC:  4    Str: 12    XL:     3   Next: 0%
Magic:  10/16      EV: 10    Int: 16    God:
Gold:   126        SH:  0    Dex: 10    Spells: 4/7 levels left

rFire    . . .     SeeInvis .   g - +0 spear
rCold    . . .     Gourm    .   (no shield)
rNeg     . . .     Faith    .   a - +0 robe
rPois    .         Spirit   .   (helmet restricted)
rElec    .         Reflect  .   e - +0 cloak
rCorr    .         Harm     .   (gloves unavailable)
MR       .....                  (boots unavailable)
Stlth    ++........             (no amulet)
Regen    0.1/turn               h - ring of magical power
MPRegen  0.2/turn               (no ring)

@: no status effects
A: unfitting armour, tough skin 1
a: no special abilities


You were on level 3 of the Dungeon.
You were hungry.

You visited 1 branch of the dungeon, and saw 3 of its levels.

You collected 126 gold pieces.

Inventory:

Hand Weapons
 g - a +0 spear (weapon)
Armour
 a - a +0 robe (worn)
 e - a +0 cloak (worn)
Jewellery
 h - a ring of magical power (left hand)
Scrolls
 d - a scroll of magic mapping
 f - 3 scrolls of identify
 i - 2 scrolls of amnesia
 l - a scroll of remove curse
Books
 b - a book of Flames

   Spells                             Type                      Level
   a - Flame Tongue                   Conjuration/Fire             1
   b - Throw Flame                    Conjuration/Fire             2
   c - Conjure Flame                  Conjuration/Fire             3
   d - Inner Flame                    Hexes/Fire                   3
   e - Sticky Flame                   Conjuration/Fire             4
   f - Fireball                       Conjuration/Fire             5
Comestibles
 c - 3 bread rations
 j - a royal jelly
 k - a fruit


   Skills:
 + Level 0.6 Fighting
 + Level 0.0 Polearms
 + Level 2.0 Dodging
 + Level 1.4 Stealth
 * Level 2.8 Spellcasting
 * Level 1.1 Conjurations
 * Level 3.1 Fire Magic


You had 4 spell levels left.
You knew the following spells:

 Your Spells              Type           Power        Failure   Level  Hunger
a - Flame Tongue          Conj/Fire      #....        10%         1    #......
b - Throw Flame           Conj/Fire      #.....       14%         2    ##.....


Dungeon Overview and Level Annotations

Branches:
Dungeon (3/15)

Altars:
The Shining One

Annotations:
D:3 Ijyb


Innate Abilities, Weirdness & Mutations

You are too large for most types of armour.
You have tough skin. (AC +1)


Message History

Aiming: Throw Flame
Press: ? - help, Shift-Dir - straight line, f - Ijyb
Aim: Ijyb, wielding a club, wearing a ring mail and carrying a wand of disintegration (?/24) {zapped: 1} The puff of flame hits Ijyb.
Ijyb appears unharmed.
You are feeling hungry.
Casting: Throw Flame
Confirm with . or Enter, or press ? or * to list all spells.
Aiming: Throw Flame
Press: ? - help, Shift-Dir - straight line, f/p - Ijyb
Aim: Ijyb, wielding a club, wearing a ring mail and carrying a wand of disintegration (?/24) {zapped: 1} The puff of flame hits Ijyb.
Ijyb appears unharmed.
Casting: Throw Flame
Confirm with . or Enter, or press ? or * to list all spells.
Aiming: Throw Flame
Press: ? - help, Shift-Dir - straight line, f/p - Ijyb
Aim: Ijyb, wielding a club, wearing a ring mail and carrying a wand of disintegration (?/24) {zapped: 1} The puff of flame hits Ijyb.
Ijyb is lightly wounded.
Ijyb zaps a wand.
You are blasted!
You die...

.............##.###.#
#..
.###..###.##...>.##.#
#g# . #..#
#.##.##..##.# #.#
#..# #.##.##..##.#
#.#
#.[###.##.#...##.#
#.# #.
#......#...##.# #.#
#.#...........# #.#
#.#.......#######.#
#.#.......@....g..#
#.#######.#########
#.........#
###########


You could see Ijyb.

Vanquished Creatures
  2 oozes
  A dart slug (D:2)
  3 goblins
  2 hobgoblins (D:1)
  A quokka (D:2)
  3 frilled lizards (D:2)
  2 rats (D:2)
14 creatures vanquished.

Notes
Turn   | Place    | Note
-------+----------+-------------------------------------------
     0 | D:1      | JeffiDaFish the Ogre Fire Elementalist began the quest for the Orb.
     0 | D:1      | Reached XP level 1. HP: 16/16 MP: 3/3
   193 | D:1      | Reached skill level 3 in Fire Magic
   193 | D:1      | Reached XP level 2. HP: 17/24 MP: 0/5
   558 | D:1      | Reached skill level 1 in Conjurations
   734 | D:2      | Found a glowing golden altar of the Shining One.
   881 | D:2      | Learned a level 2 spell: Throw Flame
  1492 | D:2      | Reached XP level 3. HP: 32/32 MP: 7/7
  1582 | D:3      | Noticed Ijyb
  1597 | D:3      | Blown up by Ijyb

Vault maps used:
D:1:      dpeg_arrival_water_temple_mockup
D:2:      serial_bayou_ford_a, st_stairs_7, tso_metal_star
D:3:      uniq_iyjb

Skill      XL: |  1  2 |
---------------+-------+-----
Fire Magic     | 3 |  3.1
Conjurations   | 1 |  1.1
Dodging        | 2 |  2.0
Fighting       | |  0.6
Stealth        | |  1.4
Spellcasting   | |  2.8

Action                   || total
-------------------------++-------
Melee: Unarmed           ||     8
 Cast: Flame Tongue      ||    19
       Throw Flame       ||    10
  Use: Scroll            ||     5
       Potion            ||     3
  Eat: Chunk             ||     2
Armor: Robe              ||     3
Dodge: Dodged            ||     9
